Cogmind - Beta 10.2 @@@ ROGUE MODE // 2021.02.15 @ 22:14:15 Player: CrossedViper Result: Destroyed by PP-UJPUNSZ60U with Heavy Tesla Rifle Performance ------------- Evolutions (7) 3500 Regions Visited (28) 5600 Robots Destroyed (306) 1530 Value Destroyed (13903) 13903 Prototype IDs (88) 1760 Alien Tech Used (2) 400 Bonus (1584) 1584 TOTAL SCORE: 28277 Bonus ------- High Alert Combat Kills 502 Follower Combat Kills 461 Network Hubs Disabled 200 Aligned with FarCom 300 Met Data Miner 300 Met Zhirov 300 Met Warlord at Base 500 MAIN.C Attacked Warlord 500 Warlord Defense Kill 1656 Met R17 at Cetus 500 Scanned by Researcher 500 Acquired SGEMP 2000 Friendly Fire -6135 Cogmind --------- Core Integrity 0/1300 Matter 298/300 Energy 95/100 System Corruption 49% Temperature Cool (0) Movement Core (100) Ox1 Location -3/Testing Parts ------- > --- POWER (2) -------- (None) > --- PROPULSION (4) --- (None) > --- UTILITY (12) ----- Makeshift Salvage Targeting Computer Advanced Target Analyzer Advanced Hacking Suite > --- WEAPON (3) ------- Plasma Lance Plasma Lance > --- INVENTORY (4) ---- Heavy Antimatter Reactor SGEMP Prototype Peak State ------------ > --- POWER ------------ Heavy Antimatter Reactor Heavy Antimatter Reactor > --- PROPULSION ------- Centrium Heavy Treads Centrium Heavy Treads > --- UTILITY ---------- Experimental Coolant Injector Humpback Makeshift Salvage Targeting Computer Experimental Targeting Computer Advanced Target Analyzer Experimental Armor Integrity Analyzer Advanced Kinecellerator Improved Weapon Shielding Experimental Focal Shield Advanced Hacking Suite System Mapper > --- WEAPON ----------- Advanced Variable Charge Gun Cooled Plasma Cannon Helical Railgun > --- INVENTORY -------- Heavy Antimatter Reactor Heavy Antimatter Reactor Vortex Chain Reactor Centrium Heavy Treads Centrium Heavy Treads Armored Huge Wheel Centrium Wheel YI-UF0's Bottomless Matter Pit Transdimensional Reconstructor Gamma Rifle Gamma Rifle Gamma Rifle Gamma Rifle Gamma Rifle Vortex Driver Vortex Driver Improved KE Penetrator Gamma Bomb Array Plasma Lance [Rating: 168] Favorites ----------- Power Quantum Reactor Engine Heavy Ion Engine Power Core Light Nuclear Core Reactor Quantum Reactor Propulsion Light Treads Treads Light Treads Leg Aluminum Leg Wheel Armored Huge Wheel Hover Unit Aerolev Unit Flight Unit Impulse Thruster Array Utility Humpback Device Improved Heat Sink Storage Humpback Processor Makeshift Salvage Targeting Computer Hackware Advanced Hacking Suite Protection Centrium Medium Armor Plating Weapon Improved KE Penetrator Energy Gun Advanced Variable Charge Gun Energy Cannon Advanced Beam Cannon Ballistic Gun Improved KE Penetrator Launcher Heavy Rocket Launcher Slashing Weapon Mining Claw Piercing Weapon Plasma Lance Special Melee Weapon Improved Datajack Build | -11 -10 -10 -10 -9 -8 -8 -7 -7 -7 -7 -6 -6 -6 -6 -6 -6 -5 -5 -5 -5 -4 -4 -4 -4 -4 -3 -3 -3 ------- Run | Scr Mat Min Exi Min Mat Sto Fac Low Low Dat Pro Fac Ext Cet Arc Hub Fac Upp Upp War Pro Fac Upp Upp Zhi Pro Res Tes Slots Evolved 14 | . . . . . 4 . 2 . . . . 2 . . . . 2 . . . . 2 . . . . 2 . Power 1 | . . . . . . . . . . . . 1 . . . . . . . . . . . . . . . . Propulsion 2 | . . . . . 1 . . . . . . . . . . . . . . . . 1 . . . . . . Utility 10 | . . . . . 3 . 1 . . . . 1 . . . . 2 . . . . 1 . . . . 2 . Weapon 1 | . . . . . . . 1 . . . . . . . . . . . . . . . . . . . . . Parts Attached 267 | . 4 7 1 . 19 25 9 5 9 1 7 17 30 16 3 8 9 4 . 16 1 6 9 1 8 4 8 40 Power 25 | . . 1 . . 1 1 . . . . . 3 4 2 . . 1 . . 3 . 1 1 . 1 . 1 5 Engine 9 | . . 1 . . . 1 . . . . . 1 4 . . . 1 . . . . 1 . . . . . . Core 5 | . . . . . 1 . . . . . . 2 . . . . . . . 1 . . 1 . . . . . Reactor 11 | . . . . . . . . . . . . . . 2 . . . . . 2 . . . . 1 . 1 5 Propulsion 45 | . 2 1 . . 3 8 2 . 2 1 . 3 6 2 1 . . 1 . 1 1 1 . . 1 . . 9 Treads 36 | . 2 1 . . 3 5 2 . 2 1 . 3 6 2 1 . . 1 . 1 1 1 . . 1 . . 3 Leg 1 | . . . . . . 1 . . . . . . . . . . . . . . . . . . . . . . Wheel 1 | . . . . . . . . . . . . . . . . . . . . . . . . . . . . 1 Hover 2 | . . . . . . 2 . . . . . . . . . . . . . . . . . . . . . . Flight 5 | . . . . . . . . . . . . . . . . . . . . . . . . . . . . 5 Utility 100 | . 1 3 1 . 7 5 3 1 2 . 4 6 9 7 . 3 7 2 . 11 . 4 5 . 4 2 5 8 Device 32 | . 1 1 . . . 1 2 1 . . 2 3 5 2 . . 2 1 . 4 . . 2 . 1 . 1 3 Storage 13 | . . 2 1 . 1 1 . . . . . 1 . 2 . . 1 . . 1 . 1 . . 1 . 1 . Processor 10 | . . . . . . . . . 1 . 1 . 1 . . . . . . 3 . 1 2 . . 1 . . Hackware 6 | . . . . . . . . . . . . . . . . 2 . . . . . . . . . . 2 2 Protection 39 | . . . . . 6 3 1 . 1 . 1 2 3 3 . 1 4 1 . 3 . 2 1 . 2 1 1 3 Artifact . | . . . . . . . . . . . . . . . . . . . . . . . . . . . . . Weapon 97 | . 1 2 . . 8 11 4 4 5 . 3 5 11 5 2 5 1 1 . 1 . . 3 1 2 2 2 18 Energy Gun 12 | . . . . . . 3 . 1 . . . . . . 1 . . . . . . . 2 . . . . 5 Energy Cannon 25 | . . . . . . 1 2 1 1 . 2 2 3 3 . 2 . . . . . . . 1 1 1 1 4 Ballistic Gun 38 | . 1 1 . . 6 4 1 1 3 . . 3 5 . 1 2 1 1 . 1 . . 1 . . . 1 5 Ballistic Cannon . | . . . . . . . . . . . . . . . . . . . . . . . . . . . . . Launcher 13 | . . . . . 1 . 1 1 1 . 1 . 2 2 . 1 . . . . . . . . . 1 . 2 Special Weapon . | . . . . . . . . . . . . . . . . . . . . . . . . . . . . . Impact Weapon . | . . . . . . . . . . . . . . . . . . . . . . . . . . . . . Slashing Weapon 5 | . . 1 . . 1 3 . . . . . . . . . . . . . . . . . . . . . . Piercing Weapon 3 | . . . . . . . . . . . . . . . . . . . . . . . . . 1 . . 2 Special Melee Weapon 1 | . . . . . . . . . . . . . 1 . . . . . . . . . . . . . . . Unidentified Prototypes 34 | . . 1 . . 1 9 . . . . . 2 1 2 2 . . . . 5 . 1 1 . 3 . 1 5 Parts Lost 65 | . 1 1 . . 1 . . 4 2 . 4 1 1 1 . 5 . 3 . 4 1 . 2 2 . . 4 28 Power 7 | . . 1 . . . . . . . . 1 . . . . . . . . . 1 . . 1 . . . 3 Propulsion 12 | . . . . . . . . 1 1 . 1 . . . . 1 . . . 1 . . . . . . . 7 Utility 21 | . . . . . 1 . . . 1 . 1 . . . . 1 . 2 . 3 . . . . . . 2 10 Weapon 25 | . 1 . . . . . . 3 . . 1 1 1 1 . 3 . 1 . . . . 2 1 . . 2 8 Highest Loss Streak 16 | . 1 1 . . 1 . . 2 1 . 3 1 1 1 . 3 . 3 . 3 1 . 2 2 . . 4 16 Average Slot Usage (%) 82 | . 96 99 89 85 79 80 80 82 77 84 82 75 87 85 80 76 73 81 88 85 84 74 83 78 79 78 82 73 Engine 4 | . 14 13 14 14 2 7 7 7 7 7 6 . 7 8 . . . 5 5 4 . . . . . . . . Core 1 | . . . . . 6 1 . . . . . 3 4 . . . . . . . . . 4 5 3 . . . Reactor 3 | . . . . . . . . . . . . . . 4 13 13 9 5 5 5 7 5 5 1 2 5 7 7 Treads 16 | . 26 28 28 28 24 26 23 21 20 23 20 18 20 14 13 12 5 10 11 9 10 10 10 10 10 10 9 7 Device 8 | . 10 14 4 . . . 6 15 9 7 10 14 11 9 6 4 6 4 5 5 11 10 10 10 11 15 13 6 Storage 7 | . 14 14 13 14 9 9 7 7 7 7 7 6 6 7 13 13 9 5 5 5 5 5 5 5 5 5 4 3 Processor 7 | . . . . . . . . . 1 7 10 6 6 6 6 5 . . . 3 17 16 19 21 21 21 19 18 Hackware 2 | . . . . . . . . . . . . . . . . 4 11 11 11 9 5 5 . . . . 8 9 Protection 8 | . . . . . 18 17 13 7 7 7 3 5 9 12 6 4 12 18 23 17 5 5 10 10 8 5 3 4 Energy Gun 3 | . 11 . . . . . . 1 7 7 7 1 . . 4 2 . . . . . . 4 10 10 10 7 3 Energy Cannon 4 | . . . . . . 3 18 19 9 . 4 2 4 18 11 6 5 1 . . . . . 3 4 4 3 1 Ballistic Gun 9 | . 16 18 14 14 14 10 1 1 4 15 7 12 12 . 3 6 8 15 17 16 17 15 10 1 . . 1 5 Slashing Weapon 1 | . . 9 14 14 2 3 1 . . . . . . . . . . . . . . . . . . . . . Naked Turns . | . . . . . . . . . . . . . . . . . . . . . . . . . . . . . Heaviest Build 232 | 11 12 41 88 88 111 112 124 122 122 119 122 119 146 230 230 226 232 155 155 155 148 138 149 141 147 128 146 158 Greatest Support 160 | 20 40 40 40 40 60 60 60 60 40 63 63 67 74 102 102 102 80 108 80 80 107 160 160 160 160 160 160 160 Greatest Overweight (x) 6 | . . 1 2 2 2 2 2 6 5 2 2 2 2 2 2 2 2 1 1 1 1 . . . . . . 1 Average Overweight (x) 1 | . . . 1 2 1 1 1 2 2 1 1 1 1 1 2 2 1 1 1 1 1 . . . . . . . Largest Inventory Capacity 64 | . 6 12 24 24 44 44 24 24 24 24 24 44 24 44 44 44 64 24 24 44 24 24 24 24 24 24 44 24 Average Capacity 23 | . 6 9 19 24 24 24 24 24 24 24 24 24 24 28 44 44 40 24 24 24 24 24 24 24 24 24 24 19 Most Carried 31 | . 6 11 24 22 24 24 24 24 23 23 24 24 24 30 31 31 27 24 24 24 22 24 24 24 24 24 24 24 Average Carried 21 | . 3 7 16 22 22 23 23 23 19 22 22 23 23 24 30 30 24 22 24 23 22 21 23 23 23 23 22 19 Final Capacity 44 | 6 6 12 24 24 24 24 24 24 24 24 24 24 24 44 44 44 24 24 24 24 24 24 24 24 24 24 24 4 Final Carried 31 | 6 6 11 22 22 23 24 24 21 23 22 21 24 24 30 31 28 22 24 24 22 22 24 23 24 24 24 23 3 Class Distribution -------------------- 21% | Scavenger-Mutant 20% | Hauler-Mutant 13% | Hauler-Tank 12% | Scavenger-Gunner 9% | Mutant 8% | Scavenger-Tank 5% | Hauler-Gunner 3% | Hacker-Gunner Dominant Class ---------------- Mutant | -10/Materials Mutant | -10/Mines Hauler-Mutant | -10/Exiles Hauler-Mutant | -9/Mines Hauler-Mutant | -8/Materials Hauler-Mutant | -8/Storage Hauler-Tank | -7/Factory Hauler-Tank | -7/Lower Caves Hauler-Tank | -7/Lower Caves Hauler-Mutant | -7/Data Miner Scavenger-Mutant | -6/Proximity Caves Hauler-Mutant | -6/Factory Scavenger-Tank | -6/Extension Scavenger-Tank | -6/Cetus Hauler-Tank | -6/Archives Hauler-Mutant | -6/Hub_04(d) Scavenger-Tank | -5/Factory Scavenger-Mutant | -5/Upper Caves Scavenger-Mutant | -5/Upper Caves Scavenger-Mutant | -5/Warlord Scavenger-Gunner | -4/Proximity Caves Scavenger-Gunner | -4/Factory Scavenger-Gunner | -4/Upper Caves Scavenger-Mutant | -4/Upper Caves Scavenger-Mutant | -4/Zhirov Hauler-Gunner | -3/Proximity Caves Hacker-Gunner | -3/Research Hacker-Mutant | -3/Testing Resources | -11 -10 -10 -10 -9 -8 -8 -7 -7 -7 -7 -6 -6 -6 -6 -6 -6 -5 -5 -5 -5 -4 -4 -4 -4 -4 -3 -3 -3 ----------- Run | Scr Mat Min Exi Min Mat Sto Fac Low Low Dat Pro Fac Ext Cet Arc Hub Fac Upp Upp War Pro Fac Upp Upp Zhi Pro Res Tes Matter Collected 8490 | 200 181 316 600 656 464 443 123 65 236 . 214 376 1237 227 42 223 188 220 27 430 293 246 169 20 90 47 183 974 Remotely . | . . . . . . . . . . . . . . . . . . . . . . . . . . . . . Salvage Created 16374 | . 741 176 . . 838 849 377 517 223 . 347 247 1856 763 335 1129 284 193 . 789 698 953 269 511 154 317 1135 2673 Parts 825 | . 50 9 . . 48 41 24 21 8 . 16 18 113 28 11 64 10 8 . 33 34 47 18 22 3 11 55 133 Haulers Intercepted 11 | . 1 . . . . 4 . . . . . . 2 . . . . . . . . 2 . . . . 1 1 Recyclers Shooed 4 | . . . . . . . . . . . . . . . . 1 . . . . . . . . . . . 3 Parts Field Recycled . | . . . . . . . . . . . . . . . . . . . . . . . . . . . . . Retrieved Matter . | . . . . . . . . . . . . . . . . . . . . . . . . . . . . . Parts Self-Destructed 230 | . . . . . . . . 20 4 . 11 . . . . . . 7 . 103 34 . 18 22 2 9 . . Prevented 14 | . . . . . . . . . . . . . . . . . . . . 14 . . . . . . . . Kills | -11 -10 -10 -10 -9 -8 -8 -7 -7 -7 -7 -6 -6 -6 -6 -6 -6 -5 -5 -5 -5 -4 -4 -4 -4 -4 -3 -3 -3 ------- Run | Scr Mat Min Exi Min Mat Sto Fac Low Low Dat Pro Fac Ext Cet Arc Hub Fac Upp Upp War Pro Fac Upp Upp Zhi Pro Res Tes Combat Hostiles Destroyed 232 | . 12 3 . . 21 9 7 12 7 . 7 3 20 9 4 19 4 2 . 13 12 8 3 6 . 8 13 30 Melee 5 | . . . . . 3 1 . . . . . . . . . 1 . . . . . . . . . . . . Guns 117 | . 12 3 . . 8 6 1 2 1 . 2 3 8 . 1 8 1 1 . 13 12 8 3 5 . 3 5 11 Cannons 51 | . . . . . . 2 3 7 1 . 2 . 9 1 3 4 3 1 . . . . . 1 . 1 8 5 AOE 48 | . . . . . 10 . 2 2 5 . 3 . 3 1 . 6 . . . . . . . . . 4 . 12 Classes Destroyed 22 | . 6 2 . . 3 1 . . 2 . 2 . . . . . 1 . . 4 . . . . . . . 1 Worker 21 | . 2 . . . . . . . . . . 3 . . . 5 1 . . . . 6 . . . . 1 3 Builder 14 | . 2 . . . 3 . 1 . . . . 2 3 . . . . . . . . 1 . . . . . 2 Tunneler 3 | . . 1 . . . . 1 . . . . . . . . . . . . . . 1 . . . . . . Hauler 11 | . 1 . . . . 4 . . . . . . 2 . . . . . . . . 2 . . . . 1 1 Recycler 4 | . . . . . 1 1 . . . . . . 2 . . . . . . . . . . . . . . . Operator 2 | . 1 . . . . . . . . . . . 1 . . . . . . . . . . . . . . . Watcher 12 | . 2 . . . . . 2 . . . . . 1 2 . 4 . . . . . . . . . . . 1 Swarmer 40 | . . 3 . . 3 . 3 3 3 . . 2 2 . . 7 . . . 2 4 . . . . 5 . 3 Grunt 102 | . 12 . . . 15 6 2 6 3 . 1 . 11 . . 8 3 . . 4 4 3 1 4 . 1 6 12 Brawler 4 | . . . . . 1 . . 1 . . . . . . . . . . . 1 . . . . . . . 1 Duelist 7 | . . . . . . 1 . 2 1 . 2 . . . . . . . . . . 1 . . . . . . Protector 1 | . . . . . . . . . . . . . . . . . . . . 1 . . . . . . . . Researcher 2 | . . . . . . . . . . . . . . . . . . . . . . . . . . . . 2 Sentry 27 | . . . . . 2 2 2 . . . 1 1 5 . 4 4 . 1 . . . 2 . . . . 1 2 Demolisher 2 | . . . . . . . . . . . . . . . . . . . . 2 . . . . . . . . Hunter 10 | . . . . . . . . . . . . . . . . . 1 . . . . . . 2 . 2 . 5 Programmer 23 | . . . . . . . . . . . 2 . 1 1 . . . 1 . 1 3 2 1 . . . 6 5 Behemoth 4 | . . . . . . . . . . . 1 . 1 . . . . . . . 1 . 1 . . . . . Cetus Guard 8 | . . . . . . . . . . . . . . 8 . . . . . . . . . . . . . . Striker 3 | . . . . . . . . . . . . . . . . . . . . 1 . . . . . . . 2 Executioner 1 | . . . . . . . . . . . . . . . . . . . . 1 . . . . . . . . Samaritan 2 | . . . . . . . . . 1 . . . . . . . . 1 . . . . . . . . . . Savage 1 | . . . . . . . . . . . . . 1 . . . . . . . . . . . . . . . Mutant 1 | . . . . . . . . . 1 . . . . . . . . . . . . . . . . . . . Best Kill Streak 15 | . 6 3 . . 14 4 4 3 4 . 3 3 7 5 2 9 3 1 . 6 4 7 1 4 . 5 4 15 Combat Bots Only 11 | . 5 3 . . 11 3 3 3 4 . 3 2 5 4 2 9 3 1 . 6 4 3 1 4 . 5 4 8 Max Kills in Single Turn 5 | . 2 2 . . 5 1 2 2 1 . 2 1 2 2 1 5 1 1 . 3 2 3 1 1 . 2 1 3 Gunslinging 1 | . 1 1 . . . . . . . . . . . . . . . . . 1 1 . . . . . . . Exploded 5 | . . . . . 5 . 2 2 1 . 2 . 1 1 . 4 . . . . . . . . . 2 . 3 Melee 1 | . . . . . 1 1 . . . . . . . . . 1 . . . . . . . . . . . . Uniques/NPCs Destroyed 3 | . . 1 . . . 1 . . . . . . . 1 . . . . . . . . . . . . . . YI-UF0 (-10/Mines) 01-MTF (-8/Storage) Revision 17 (-6/Cetus) Combat | -11 -10 -10 -10 -9 -8 -8 -7 -7 -7 -7 -6 -6 -6 -6 -6 -6 -5 -5 -5 -5 -4 -4 -4 -4 -4 -3 -3 -3 -------- Run | Scr Mat Min Exi Min Mat Sto Fac Low Low Dat Pro Fac Ext Cet Arc Hub Fac Upp Upp War Pro Fac Upp Upp Zhi Pro Res Tes Damage Taken 22798 | . 434 40 . . 920 612 529 1321 202 . 842 561 2043 651 401 1397 359 784 . 848 918 295 308 751 . 363 1606 6613 Core 2229 | . 78 7 . . 25 20 17 47 . . 45 24 165 14 25 134 . 18 . 142 113 . 21 39 . 30 128 1137 Absorbed by Shields 43 | . . . . . . . . . . . . . 43 . . . . . . . . . . . . . . . Reduced by Siege Mode 638 | . . . . . . . . . . . . . . 7 6 . 10 42 . 5 14 12 . 58 . 9 117 358 Core Remaining (%) 80 | 100 . . . 66 . 91 . . . . 84 . . . . 57 . . . . 72 . . . . 92 . . Volleys Fired 648 | . 49 3 1 . 55 27 14 35 14 . 14 24 72 21 15 45 11 16 . 22 24 18 10 24 . 15 38 81 Largest 3 | . 2 2 1 . 2 2 3 3 3 . 3 3 3 3 3 3 3 3 . 3 3 3 3 3 . 3 3 3 Hottest 250 | . 60 40 20 . 70 93 204 204 157 . 169 119 180 248 248 193 160 160 . 105 105 105 195 250 . 250 250 238 Shots Fired 1488 | . 97 6 1 . 101 52 37 88 22 . 31 49 180 37 39 106 31 45 . 66 72 52 22 52 . 33 100 169 Gun 1051 | . 97 6 1 . 95 42 3 21 11 . 18 45 117 . 7 68 20 37 . 66 72 52 22 38 . 20 68 125 Cannon 371 | . . . . . . 10 33 66 4 . 11 4 53 24 32 36 11 8 . . . . . 14 . 8 32 25 Launcher 66 | . . . . . 6 . 1 1 7 . 2 . 10 13 . 2 . . . . . . . . . 5 . 19 Special . | . . . . . . . . . . . . . . . . . . . . . . . . . . . . . Kinetic 778 | . 51 6 1 . 95 42 3 5 7 . 12 44 117 . 3 47 20 37 . 66 72 52 18 . . . 9 71 Thermal 577 | . . . . . . 10 33 82 8 . 17 5 53 24 36 57 11 8 . . . . 4 52 . 28 91 58 Explosive 33 | . . . . . 6 . 1 1 7 . 2 . 9 . . 2 . . . . . . . . . 5 . . Electromagnetic 94 | . 46 . . . . . . . . . . . 1 13 . . . . . . . . . . . . . 34 Entropic 6 | . . . . . . . . . . . . . . . . . . . . . . . . . . . . 6 Robot Hit Streak 35 | . 8 14 15 . 21 10 13 13 14 . 10 19 17 7 16 13 19 14 . 18 10 13 8 20 . 23 35 24 Robot Miss Streak 12 | . 3 . . . 2 2 1 2 3 . 3 6 12 2 3 2 3 1 . 3 4 1 2 2 . 1 3 6 Penetration Max 1 | . . . . . . . . . . . . . . . . 1 1 . . 1 1 1 . . . . 1 1 Secondary Targets 19 | . 2 2 . . . 1 . . . . . . 1 . . . . . . 5 4 1 . . . . . 3 Max Gunslinging Chain 1 | . 1 1 . . . 1 . . . . . . 1 . . . . . . 1 1 1 . . . . . 1 Shots Hit Robots 1132 | . 64 13 1 . 87 50 29 56 16 . 24 39 138 19 29 73 19 38 . 56 49 31 17 30 3 20 88 143 Core Hits 757 | . 36 6 . . 67 26 14 22 30 . 23 24 145 19 9 50 10 5 . 31 23 33 8 15 1 17 30 113 Critical Hits 96 | . . . . . 1 1 3 10 . . . 1 2 . 4 8 2 5 . 17 9 17 1 . . . 3 12 Critical Kills 35 | . . . . . 1 1 2 4 . . . . 2 . 3 3 . 2 . 6 3 5 1 . . . 1 1 Critical Parts Destroyed 53 | . . . . . . . 1 6 . . . 1 . . 1 5 2 3 . 9 5 7 . . . . 2 11 Melee Attacks 73 | . . 7 . . 9 20 2 . . . . . 7 . . . . . . . . . . . 3 . . 25 Impact . | . . . . . . . . . . . . . . . . . . . . . . . . . . . . . Slashing 38 | . . 7 . . 9 20 2 . . . . . . . . . . . . . . . . . . . . . Piercing 28 | . . . . . . . . . . . . . . . . . . . . . . . . . 3 . . 25 Sneak Attacks 26 | . . 6 . . . 11 . . . . . . 7 . . . . . . . . . . . . . . 2 Combat Hostiles . | . . . . . . . . . . . . . . . . . . . . . . . . . . . . . Follow-up Attacks 5 | . . . . . . . . . . . . . . . . . . . . . . . . . . . . 5 Damage Inflicted 39909 | . 892 398 10 15 2528 1813 800 1158 920 . 1150 557 4575 1688 681 3213 577 1091 . 1973 1591 1320 503 856 363 1283 3082 6872 Guns 20169 | . 888 65 10 . 807 434 39 245 275 . 353 557 2300 . 122 1411 336 868 . 1973 1591 1258 503 726 . 412 1982 3014 Cannons 6975 | . . . . . . 167 552 778 41 . 246 . 1236 475 537 487 241 223 . . . . . 130 . 174 1079 609 Explosions 9150 | . . . . . 1511 . 122 135 604 . 541 . 1038 1213 . 1150 . . . . . . . . . 697 . 2139 Melee 3167 | . . 315 . . 186 1133 60 . . . . . . . . . . . . . . . . . 363 . . 1110 Ramming 448 | . 4 18 . 15 24 79 27 . . . 10 . 1 . 22 165 . . . . . 62 . . . . 21 . Kinetic 14726 | . 463 65 10 . 807 434 39 57 206 . 246 541 2300 . 45 853 336 868 . 1973 1591 1258 366 . . . 297 1971 Thermal 12214 | . . . . . . 167 552 966 110 . 353 16 1236 475 614 1045 241 223 . . . . 137 856 . 586 2764 1873 Explosive 5232 | . . . . . 1511 . 122 135 604 . 541 . 998 . . 624 . . . . . . . . . 697 . . Electromagnetic 3870 | . 425 . . . . . . . . . . . 40 1213 . 526 . . . . . . . . . . . 1666 Impact . | . . . . . . . . . . . . . . . . . . . . . . . . . . . . . Slashing 1694 | . . 315 . . 186 1133 60 . . . . . . . . . . . . . . . . . . . . . Piercing 1473 | . . . . . . . . . . . . . . . . . . . . . . . . . 363 . . 1110 Entropic 252 | . . . . . . . . . . . . . . . . . . . . . . . . . . . . 252 Highest Corruption 48 | . . . . . . 1 . . . . . 2 2 4 4 6 . 10 10 10 . . 2 2 2 2 4 48 Average Corruption 4 | . . . . . . 1 . . . . . 2 2 2 4 4 . 9 10 10 . . 1 2 2 2 2 12 Corruption Purged . | . . . . . . . . . . . . . . . . . . . . . . . . . . . . . Effects 199 | . . . . . . . . . . . . 6 17 8 3 19 . 28 20 4 . . 3 10 4 10 2 65 Message Errors 47 | . . . . . . . . . . . . 3 4 4 2 3 . 8 6 . . . 1 3 2 6 . 5 Matter Fused 19 | . . . . . . . . . . . . . . 1 . 3 . 4 3 1 . . . . . . . 7 Heat Flow Errors 22 | . . . . . . . . . . . . 1 4 2 . 4 . 4 2 . . . . 2 . 1 . 2 Energy Discharges 16 | . . . . . . . . . . . . . 1 . . 2 . 3 2 . . . 1 1 2 . . 4 Parts Rejected 4 | . . . . . . . . . . . . . . . 1 . . . . . . . . . . . . 3 Data Loss (minor) 15 | . . . . . . . . . . . . . 2 . . 3 . 2 . 1 . . 1 . . 2 1 3 Data Loss (major) 6 | . . . . . . . . . . . . . . . . . . 2 2 . . . . . . . . 2 Misfires 2 | . . . . . . . . . . . . . . . . . . . . . . . . . . . . 2 Misdirections 17 | . . . . . . . . . . . . . . . . . . 4 5 2 . . . . . . . 6 Targeting Errors 45 | . . . . . . . . . . . . 2 3 1 . 4 . 1 . . . . . 4 . 1 . 29 Weapon Failures 6 | . . . . . . . . . . . . . 3 . . . . . . . . . . . . . 1 2 Overload Shots 1 | . . . . . . . . . . . . 1 . . . . . . . . . . . . . . . . Overflow Damage 1286 | . . 46 . . 110 178 13 . 18 . 41 . 72 159 . 112 . 26 . . . . . . 228 110 57 116 Projectiles 225 | . . . . . . . 5 . . . . . 21 97 . . . 26 . . . . . . . 12 57 7 Explosions 601 | . . . . . 110 . 7 . 18 . 41 . 51 62 . 105 . . . . . . . . . 98 . 109 Melee 460 | . . 46 . . . 178 1 . . . . . . . . 7 . . . . . . . . 228 . . . Knockbacks 4 | . 1 . . . 1 . . . . . . . . . . 2 . . . . . . . . . . . . Impact 4 | . 1 . . . 1 . . . . . . . . . . 2 . . . . . . . . . . . . Kinetic . | . . . . . . . . . . . . . . . . . . . . . . . . . . . . . Secondary . | . . . . . . . . . . . . . . . . . . . . . . . . . . . . . Self-Inflicted Damage 402 | . . . . . . . 22 27 85 . . . 54 . . 135 . . . . . . . . . . . 79 Shots 20 | . . . . . . . 1 1 3 . . . 1 . . 2 . . . . . . . . . . . 12 Rammed 40 | . 3 6 . 1 1 13 2 . . . 1 . 1 . 1 5 . . . . . 5 . . . . 1 . Targets Rammed 42 | . 3 6 . 1 1 13 2 . . . 1 . 1 . 1 7 . . . . . 5 . . . . 1 . Kicked . | . . . . . . . . . . . . . . . . . . . . . . . . . . . . . Crushed 2 | . . . . . . . . . . . . . . . . 2 . . . . . . . . . . . . Highest Temperature 399 | . 117 . . . 240 213 399 385 64 . 306 156 311 324 378 349 54 381 280 181 219 87 177 199 . 104 197 195 Average Temperature 108 | . 59 . . . 52 50 180 194 36 . 143 54 127 128 150 130 36 176 122 69 86 31 68 113 . 27 76 58 Received Heat Transfer 3717 | . 237 . . . 468 297 165 468 36 . 105 90 666 . 45 255 54 27 . 90 114 39 51 48 . 24 303 135 Effects 8 | . . . . . 1 . 1 3 . . . . 1 . . 1 . 1 . . . . . . . . . . Shutdowns 2 | . . . . . . . 1 . . . . . . . . 1 . . . . . . . . . . . . Energy Bleed 3 | . . . . . . . . 2 . . . . 1 . . . . . . . . . . . . . . . Interference 1 | . . . . . 1 . . . . . . . . . . . . . . . . . . . . . . . Short Circuit 2 | . . . . . . . . 1 . . . . . . . . . 1 . . . . . . . . . . Siege Activations 31 | . . . . . . . . . . . . . . 1 3 1 2 2 . 2 4 2 1 1 . 2 3 7 Total Turns 511 | . . . . . . . . . . . . . . 4 43 9 41 43 . 22 47 24 3 23 . 30 87 135 Longest Duration 49 | . . . . . . . . . . . . . . 4 24 9 25 35 . 13 22 15 3 23 . 23 49 40 Robots Corrupted 10 | . . . . . . . . . . . . . . 6 . . . . . . . . . . . . . 4 Combat Hostiles 8 | . . . . . . . . . . . . . . 6 . . . . . . . . . . . . . 2 Parts Fried 28 | . 1 . . . . . . . . . . . 1 9 . 1 . . . 1 . . . . . . . 15 Impact Corruptions 2 | . . . . . . . 1 . . . . . . . . 1 . . . . . . . . . . . . Robots Melted 4 | . . . . . . . 1 1 . . . . . 1 . . . . . . . . . . . . 1 . Combat Hostiles 3 | . . . . . . . 1 1 . . . . . 1 . . . . . . . . . . . . . . Parts Melted 54 | . . . . . . . 2 7 . . 3 . 7 2 3 1 . . . . . . . 9 . 3 14 3 Heat Transferred 16761 | . . . . . . 296 999 1813 222 . 633 37 1800 583 890 1530 296 259 . . . . 148 1125 . 768 3337 2025 Parts Sabotaged . | . . . . . . . . . . . . . . . . . . . . . . . . . . . . . Parts Stolen . | . . . . . . . . . . . . . . . . . . . . . . . . . . . . . Parts Stripped . | . . . . . . . . . . . . . . . . . . . . . . . . . . . . . Power Chain Reactions 6 | . . . . . . . . . . . . . . . . . . . . . . . . . . . . 6 Missiles Intercepted . | . . . . . . . . . . . . . . . . . . . . . . . . . . . . . Alert | -11 -10 -10 -10 -9 -8 -8 -7 -7 -7 -7 -6 -6 -6 -6 -6 -6 -5 -5 -5 -5 -4 -4 -4 -4 -4 -3 -3 -3 ------- Run | Scr Mat Min Exi Min Mat Sto Fac Low Low Dat Pro Fac Ext Cet Arc Hub Fac Upp Upp War Pro Fac Upp Upp Zhi Pro Res Tes Peak Influence 723 | . 258 165 . . 556 315 373 . . . . 188 471 452 244 459 392 . . . . 352 . . . . 539 723 Initial 263 | . . 100 . . . 234 128 . . . . 63 28 244 100 85 224 . . . . 50 . . . . 74 263 Average 181 | . 141 91 . . 112 199 246 . . . . 98 169 371 187 153 294 . . . . 163 . . . . 239 252 Maximum Alert Level 3 | . 1 . . . 2 1 1 . . . . . 2 2 1 2 1 . . . . 1 . . . . 2 3 Low Security (%) 64 | . 75 100 . 100 90 54 21 . . . . 100 74 . 47 66 . . . . . 77 . . . . 52 48 Level 1 24 | . 24 . . . 3 45 78 . . . . . 7 55 52 33 100 . . . . 22 . . . . 10 16 Level 2 10 | . . . . . 6 . . . . . . . 18 44 . . . . . . . . . . . . 36 31 Level 3 . | . . . . . . . . . . . . . . . . . . . . . . . . . . . . 3 Level 4 . | . . . . . . . . . . . . . . . . . . . . . . . . . . . . . Level 5 . | . . . . . . . . . . . . . . . . . . . . . . . . . . . . . High Security . | . . . . . . . . . . . . . . . . . . . . . . . . . . . . . Max Security . | . . . . . . . . . . . . . . . . . . . . . . . . . . . . . Squads Dispatched 37 | . 2 . . . 3 1 2 . . . 1 . 3 . . 6 1 . . . . 4 . . . . 3 11 Investigation 8 | . 1 . . . 2 1 1 . . . . . . . . . 1 . . . . 1 . . . . . 1 Extermination 7 | . . . . . . . . . . . . . . . . 1 . . . . . 2 . . . . 2 2 Reinforcement 15 | . 1 . . . 1 . 1 . . . . . 3 . . 5 . . . . . 1 . . . . 1 2 Assault 2 | . . . . . . . . . . . 1 . . . . . . . . . . . . . . . . 1 Garrison 5 | . . . . . . . . . . . . . . . . . . . . . . . . . . . . 5 Intercept . | . . . . . . . . . . . . . . . . . . . . . . . . . . . . . Construction Impeded 7 | . . . . . 1 . 1 . . . . . 3 . . 2 . . . . . . . . . . . . Haulers Reinforced 3 | . . . . . . . . . . . . . . . . 1 . . . . . 1 . . . . 1 . Stealth | -11 -10 -10 -10 -9 -8 -8 -7 -7 -7 -7 -6 -6 -6 -6 -6 -6 -5 -5 -5 -5 -4 -4 -4 -4 -4 -3 -3 -3 --------- Run | Scr Mat Min Exi Min Mat Sto Fac Low Low Dat Pro Fac Ext Cet Arc Hub Fac Upp Upp War Pro Fac Upp Upp Zhi Pro Res Tes Distress Signals 16 | . 2 . . . 1 . 1 . . . . . 2 2 . 2 . . . . . . . . . . 1 5 Communications Jammed . | . . . . . . . . . . . . . . . . . . . . . . . . . . . . . Distress Signals . | . . . . . . . . . . . . . . . . . . . . . . . . . . . . . Times Spotted 357 | . 24 2 . . 34 14 11 11 7 . 16 5 40 8 4 25 4 3 . 46 12 10 5 6 . 7 17 46 Peak Tracking Total 17 | . 4 2 2 . 17 3 3 3 4 . 9 3 7 5 1 6 3 2 . 13 4 3 4 4 . 5 4 9 Tactical Retreats 17 | . 3 . . . 3 . . . . . . . 3 1 . 1 . 1 . 3 . . . . . . . 2 Traps | -11 -10 -10 -10 -9 -8 -8 -7 -7 -7 -7 -6 -6 -6 -6 -6 -6 -5 -5 -5 -5 -4 -4 -4 -4 -4 -3 -3 -3 ------- Run | Scr Mat Min Exi Min Mat Sto Fac Low Low Dat Pro Fac Ext Cet Arc Hub Fac Upp Upp War Pro Fac Upp Upp Zhi Pro Res Tes Traps Triggered 13 | . 1 . . . . 3 1 . . . . 1 4 . . 1 1 . . . . . . . . . . 1 Indirectly 1 | . . . . . . . . . . . . . . . . 1 . . . . . . . . . . . . Trap Hack Attempts . | . . . . . . . . . . . . . . . . . . . . . . . . . . . . . Triggered . | . . . . . . . . . . . . . . . . . . . . . . . . . . . . . Disarmed . | . . . . . . . . . . . . . . . . . . . . . . . . . . . . . Reprogrammed 4 | . . . . . . . . . . . . . . . . . . . . . . 4 . . . . . . Reused 1 | . . . . . . . . . . . . . . . . . . . . . . 1 . . . . . . Traps Extracted . | . . . . . . . . . . . . . . . . . . . . . . . . . . . . . Installed . | . . . . . . . . . . . . . . . . . . . . . . . . . . . . . Triggered 13 | . . . . . . . . . . . . . . . . . . . . 11 . 1 . . . . . 1 Exploded 1 | . . . 1 . . . . . . . . . . . . . . . . . . . . . . . . . Machines | -11 -10 -10 -10 -9 -8 -8 -7 -7 -7 -7 -6 -6 -6 -6 -6 -6 -5 -5 -5 -5 -4 -4 -4 -4 -4 -3 -3 -3 ---------- Run | Scr Mat Min Exi Min Mat Sto Fac Low Low Dat Pro Fac Ext Cet Arc Hub Fac Upp Upp War Pro Fac Upp Upp Zhi Pro Res Tes Machines Disabled 19 | . 2 . . . . 2 . . . . 2 2 4 . 2 3 . . . . . . . . . . 1 1 Max in Single Turn 3 | . 1 . . . . 1 . . . . 2 1 1 . 1 3 . . . . . . . . . . 1 1 Garrison Access 1 | . . . . . . 1 . . . . . . . . . . . . . . . . . . . . . . Network Hub 1 | . . . . . . . . . . . . . . . . 1 . . . . . . . . . . . . Machines Sabotaged . | . . . . . . . . . . . . . . . . . . . . . . . . . . . . . Garrisons Compromised . | . . . . . . . . . . . . . . . . . . . . . . . . . . . . . Overloaded Fab Kills . | . . . . . . . . . . . . . . . . . . . . . . . . . . . . . Fab Network Shutdowns 1 | . . . . . . . . . . . . . . . . . . . . . . . . . . . 1 . Hacking | -11 -10 -10 -10 -9 -8 -8 -7 -7 -7 -7 -6 -6 -6 -6 -6 -6 -5 -5 -5 -5 -4 -4 -4 -4 -4 -3 -3 -3 --------- Run | Scr Mat Min Exi Min Mat Sto Fac Low Low Dat Pro Fac Ext Cet Arc Hub Fac Upp Upp War Pro Fac Upp Upp Zhi Pro Res Tes Machines Accessed 49 | . 2 1 2 . 5 6 1 . . 4 . 3 1 . . 1 3 2 1 1 . 2 . . 4 . 3 7 Terminals 27 | . 2 1 . . 3 5 1 . . . . 2 1 . . 1 2 . . . . 2 . . . . 2 5 Fabricators 2 | . . . . . . . . . . . . . . . . . . . . . . . . . . . 1 1 Repair Stations 2 | . . . . . . . . . . . . . . . . . 1 . . . . . . . . . . 1 Recycling Units 1 | . . . . . 1 . . . . . . . . . . . . . . . . . . . . . . . Scanalyzers 2 | . . . . . 1 . . . . . . 1 . . . . . . . . . . . . . . . . Garrison Access 1 | . . . . . . 1 . . . . . . . . . . . . . . . . . . . . . . Total Hacks 198 | . 5 4 2 . 14 12 3 . . 29 . 5 3 . . 4 12 5 1 1 . 34 . . 17 . 16 31 Successful 116 | . 3 . 2 . 6 6 2 . . 29 . 1 . . . 2 3 5 1 1 . 17 . . 17 . 11 10 Failed 80 | . 2 4 . . 8 6 1 . . . . 4 3 . . 2 9 . . . . 16 . . . . 4 21 Catastrophic 15 | . 2 1 . . 1 . 1 . . . . 1 . . . 1 3 . . . . 2 . . . . . 3 Database Lockouts 2 | . . . . . . . . . . . . . . . . . . . . . . 1 . . . . 1 . Manual 99 | . 7 4 1 . 11 11 3 . . . . . 3 . . 4 1 . . 1 . 31 . . . . 10 12 Terminals 118 | . 5 4 . . 8 11 3 . . . . 4 3 . . 4 7 . . . . 34 . . . . 9 26 Fabricators 10 | . . . . . . . . . . . . . . . . . . . . . . . . . . . 7 3 Repair Stations 7 | . . . . . . . . . . . . . . . . . 5 . . . . . . . . . . 2 Recycling Units 3 | . . . . . 3 . . . . . . . . . . . . . . . . . . . . . . . Scanalyzers 4 | . . . . . 3 . . . . . . 1 . . . . . . . . . . . . . . . . Garrison Access 1 | . . . . . . 1 . . . . . . . . . . . . . . . . . . . . . . Terminal Hacks 95 | . 3 . 2 . 2 1 1 . . 29 . 1 . . . 2 2 5 1 1 . 15 . . 17 . 6 7 Record 21 | . . . 1 . . . . . . 11 . . . . . . . 4 . . . . . . 5 . . . Part Schematic 13 | . . . . . . . . . . 9 . . . . . . . . . . . . . . 4 . . . Robot Schematic 6 | . . . . . . . . . . 6 . . . . . . . . . . . . . . . . . . Robot Analysis 8 | . 2 . . . 1 . . . . . . . . . . . . . . . . . . . 4 . 1 . Prototype ID Bank 13 | . . . . . . . . . . 3 . . . . . . . . . . . 6 . . 4 . . . Open Door 3 | . . . . . . . . . . . . . . . . . . 1 1 1 . . . . . . . . Branch Access Points 7 | . 1 . . . 1 . 1 . . . . 1 . . . . 1 . . . . 1 . . . . 1 . Terminal Index 3 | . . . . . . . . . . . . . . . . . . . . . . 1 . . . . 1 1 Fabricator Index 3 | . . . . . . . . . . . . . . . . . 1 . . . . 1 . . . . 1 . Repair Station Index 1 | . . . . . . . . . . . . . . . . . . . . . . 1 . . . . . . Scanalyzer Index 2 | . . . . . . . . . . . . . . . . . . . . . . 1 . . . . . 1 Alert Level 1 | . . . . . . . . . . . . . . . . . . . . . . 1 . . . . . . Unreport Threat 10 | . . . . . . 1 . . . . . . . . . 2 . . . . . . . . . . 2 5 Locate Traps 1 | . . . . . . . . . . . . . . . . . . . . . . 1 . . . . . . Reprogram Traps 1 | . . . . . . . . . . . . . . . . . . . . . . 1 . . . . . . Hauler Manifests 1 | . . . . . . . . . . . . . . . . . . . . . . 1 . . . . . . EX-Prototype ID Bank 1 | . . . 1 . . . . . . . . . . . . . . . . . . . . . . . . . Fabricator Hacks 4 | . . . . . . . . . . . . . . . . . . . . . . . . . . . 3 1 Load Schematic 2 | . . . . . . . . . . . . . . . . . . . . . . . . . . . 1 1 Build 2 | . . . . . . . . . . . . . . . . . . . . . . . . . . . 2 . Repair Station Hacks 3 | . . . . . . . . . . . . . . . . . 1 . . . . . . . . . . 2 Scan Component 2 | . . . . . . . . . . . . . . . . . 1 . . . . . . . . . . 1 Repair 1 | . . . . . . . . . . . . . . . . . . . . . . . . . . . . 1 Recycling Unit Hacks . | . . . . . . . . . . . . . . . . . . . . . . . . . . . . . Scanalyzer 2 | . . . . . 2 . . . . . . . . . . . . . . . . . . . . . . . Insert Component 1 | . . . . . 1 . . . . . . . . . . . . . . . . . . . . . . . Analyze 1 | . . . . . 1 . . . . . . . . . . . . . . . . . . . . . . . Garrison Access Hacks 1 | . . . . . . 1 . . . . . . . . . . . . . . . . . . . . . . Seal Access 1 | . . . . . . 1 . . . . . . . . . . . . . . . . . . . . . . Unauthorized Hacks 11 | . . . . . 2 4 1 . . . . . . . . . . . . . . 2 . . . . 2 . Terminals 7 | . . . . . . 4 1 . . . . . . . . . . . . . . 2 . . . . . . Track 2 | . . . . . . 1 1 . . . . . . . . . . . . . . . . . . . . . Botnet 3 | . . . . . . 2 . . . . . . . . . . . . . . . 1 . . . . . . Operators 2 | . . . . . . 1 . . . . . . . . . . . . . . . 1 . . . . . . Fabricators 2 | . . . . . . . . . . . . . . . . . . . . . . . . . . . 2 . Siphon 1 | . . . . . . . . . . . . . . . . . . . . . . . . . . . 1 . Haulers 1 | . . . . . . . . . . . . . . . . . . . . . . . . . . . 1 . Repair Stations . | . . . . . . . . . . . . . . . . . . . . . . . . . . . . . Recycling Units 2 | . . . . . 2 . . . . . . . . . . . . . . . . . . . . . . . Reject 1 | . . . . . 1 . . . . . . . . . . . . . . . . . . . . . . . Tunnel 1 | . . . . . 1 . . . . . . . . . . . . . . . . . . . . . . . Scanalyzers . | . . . . . . . . . . . . . . . . . . . . . . . . . . . . . Garrison Access . | . . . . . . . . . . . . . . . . . . . . . . . . . . . . . Data Cores Recovered . | . . . . . . . . . . . . . . . . . . . . . . . . . . . . . Used . | . . . . . . . . . . . . . . . . . . . . . . . . . . . . . Hacking Detections 34 | . 3 1 . . 5 5 1 . . . . 3 1 . . 1 3 . . . . 2 . . . . 3 6 Full Trace Events 4 | . 1 . . . 1 1 . . . . . . . . . . . . . . . . . . . . . 1 Feedback Events . | . . . . . . . . . . . . . . . . . . . . . . . . . . . . . Feedback Blocked . | . . . . . . . . . . . . . . . . . . . . . . . . . . . . . Robot Schematics Acquired 6 | . . . . . . . . . . 6 . . . . . . . . . . . . . . . . . . Robots Built . | . . . . . . . . . . . . . . . . . . . . . . . . . . . . . Matter . | . . . . . . . . . . . . . . . . . . . . . . . . . . . . . Time . | . . . . . . . . . . . . . . . . . . . . . . . . . . . . . Total Robot Build Rating . | . . . . . . . . . . . . . . . . . . . . . . . . . . . . . Part Schematics Acquired 14 | . . . . . 1 . . . . 9 . . . . . . . . . . . . . . 4 . . . Parts Built 2 | . . . . . . . . . . . . . . . . . . . . . . . . . . . 2 . Matter 332 | . . . . . . . . . . . . . . . . . . . . . . . . . . . 332 . Time 89 | . . . . . . . . . . . . . . . . . . . . . . . . . . . 89 . Total Part Build Rating 9 | . . . . . . . . . . . . . . . . . . . . . . . . . . . 9 . Parts Repaired 1 | . . . . . . . . . . . . . . . . . . . . . . . . . . . . 1 Time 54 | . . . . . . . . . . . . . . . . . . . . . . . . . . . . 54 Parts Recycled . | . . . . . . . . . . . . . . . . . . . . . . . . . . . . . Recycled Matter . | . . . . . . . . . . . . . . . . . . . . . . . . . . . . . Retrieved Matter . | . . . . . . . . . . . . . . . . . . . . . . . . . . . . . Retrieved Components . | . . . . . . . . . . . . . . . . . . . . . . . . . . . . . Parts Scanalyzed 1 | . . . . . 1 . . . . . . . . . . . . . . . . . . . . . . . Part Schematics Acquired 1 | . . . . . 1 . . . . . . . . . . . . . . . . . . . . . . . Parts Damaged . | . . . . . . . . . . . . . . . . . . . . . . . . . . . . . Bothacking | -11 -10 -10 -10 -9 -8 -8 -7 -7 -7 -7 -6 -6 -6 -6 -6 -6 -5 -5 -5 -5 -4 -4 -4 -4 -4 -3 -3 -3 ------------ Run | Scr Mat Min Exi Min Mat Sto Fac Low Low Dat Pro Fac Ext Cet Arc Hub Fac Upp Upp War Pro Fac Upp Upp Zhi Pro Res Tes Used RIF Installer . | . . . . . . . . . . . . . . . . . . . . . . . . . . . . . Robots Hacked 1 | . . . . . . . . . . . . . 1 . . . . . . . . . . . . . . . Non-combat 1 | . . . . . . . . . . . . . 1 . . . . . . . . . . . . . . . Combat . | . . . . . . . . . . . . . . . . . . . . . . . . . . . . . Robot Hacks Applied 2 | . . . . . . . . . . . . . 2 . . . . . . . . . . . . . . . no_distress 1 | . . . . . . . . . . . . . 1 . . . . . . . . . . . . . . . find_station 1 | . . . . . . . . . . . . . 1 . . . . . . . . . . . . . . . Relay Couplers Released . | . . . . . . . . . . . . . . . . . . . . . . . . . . . . . Robots Rewired 4 | . . . . . . . . . . . . . 4 . . . . . . . . . . . . . . . Allies Hacked . | . . . . . . . . . . . . . . . . . . . . . . . . . . . . . Hacks Repelled . | . . . . . . . . . . . . . . . . . . . . . . . . . . . . . Allies | -11 -10 -10 -10 -9 -8 -8 -7 -7 -7 -7 -6 -6 -6 -6 -6 -6 -5 -5 -5 -5 -4 -4 -4 -4 -4 -3 -3 -3 -------- Run | Scr Mat Min Exi Min Mat Sto Fac Low Low Dat Pro Fac Ext Cet Arc Hub Fac Upp Upp War Pro Fac Upp Upp Zhi Pro Res Tes Total Allies 11 | . . . . . . 1 . . . . 1 . 9 . . . . . . . . . . . . . . . Largest Group 7 | . . . . . . 1 . . . . 1 1 7 . . . . . . . . . . . . . . . Highest-Rated Group 221 | . . . . . . 99 . . . . 94 94 221 . . . . . . . . . . . . . . . Highest-Rated Ally 156 | . . . . . . 99 . . . . 94 94 156 . . . . . . . . . . . . . . . Total Orders . | . . . . . . . . . . . . . . . . . . . . . . . . . . . . . Ally Attacks 98 | . . . . . . 11 . . . . 11 8 68 . . . . . . . . . . . . . . . Total Damage 2516 | . . . . . . 251 . . . . 392 277 1596 . . . . . . . . . . . . . . . Kills 13 | . . . . . . 2 . . . . . 1 10 . . . . . . . . . . . . . . . Allies Corrupted . | . . . . . . . . . . . . . . . . . . . . . . . . . . . . . Allies Melted 1 | . . . . . . . . . . . . . 1 . . . . . . . . . . . . . . . Intel | -11 -10 -10 -10 -9 -8 -8 -7 -7 -7 -7 -6 -6 -6 -6 -6 -6 -5 -5 -5 -5 -4 -4 -4 -4 -4 -3 -3 -3 ------- Run | Scr Mat Min Exi Min Mat Sto Fac Low Low Dat Pro Fac Ext Cet Arc Hub Fac Upp Upp War Pro Fac Upp Upp Zhi Pro Res Tes Robot Analysis Total 8 | . 2 . . . 1 . . . . . . . . . . . . . . . . . . . 4 . 1 . Derelict Logs Recovered 8 | . . . . . . . . 2 1 . 2 . . . . . . . 1 . . . 1 1 . . . . Drone Launches . | . . . . . . . . . . . . . . . . . . . . . . . . . . . . . Drone Recoveries . | . . . . . . . . . . . . . . . . . . . . . . . . . . . . . Exploration | -11 -10 -10 -10 -9 -8 -8 -7 -7 -7 -7 -6 -6 -6 -6 -6 -6 -5 -5 -5 -5 -4 -4 -4 -4 -4 -3 -3 -3 ------------- Run | Scr Mat Min Exi Min Mat Sto Fac Low Low Dat Pro Fac Ext Cet Arc Hub Fac Upp Upp War Pro Fac Upp Upp Zhi Pro Res Tes Turns Passed 18075 | . 682 698 819 206 681 735 442 1098 911 188 609 562 1405 420 173 766 359 807 569 917 503 502 614 662 315 913 528 991 Spaces Moved 8490 | 1 325 374 418 103 257 287 184 471 402 94 296 246 602 172 46 299 150 407 317 442 216 250 354 364 181 524 212 496 Core 1 | . . . . . . . . . . . . . . . . . . . . . . . . . . . . 1 Treads 8283 | . 299 374 418 103 257 287 184 471 402 94 296 246 602 172 46 299 150 407 317 442 216 250 354 364 181 524 212 316 Legs 27 | 1 26 . . . . . . . . . . . . . . . . . . . . . . . . . . . Wheels 7 | . . . . . . . . . . . . . . . . . . . . . . . . . . . . 7 Hover . | . . . . . . . . . . . . . . . . . . . . . . . . . . . . . Flight 172 | . . . . . . . . . . . . . . . . . . . . . . . . . . . . 172 Fastest Speed 37 | 120 120 160 160 200 180 180 183 183 200 180 180 165 165 172 192 192 180 180 180 180 180 160 160 160 160 160 160 37 Average Speed 176 | 120 156 172 191 200 183 183 195 209 213 199 186 182 179 180 192 192 195 180 180 180 184 160 160 160 160 160 160 116 Slowest Speed 280 | 120 160 180 200 200 200 205 203 280 260 200 200 200 190 192 192 200 200 180 180 180 185 160 160 160 160 160 160 180 Overloaded Moves . | . . . . . . . . . . . . . . . . . . . . . . . . . . . . . Propulsion Burnouts . | . . . . . . . . . . . . . . . . . . . . . . . . . . . . . Robots Hopped 1 | . . . . . . . . . . . . . . . . . . . . . . . . . . . . 1 Cave-ins Triggered . | . . . . . . . . . . . . . . . . . . . . . . . . . . . . . Teleports 1 | . . . . . . . . . . . . . . . . . . . . . . . . . . . . 1 Exploration Rate (%) 46 | 2 69 42 69 25 28 52 7 77 58 74 60 8 70 56 74 52 6 64 50 67 40 10 56 61 61 69 9 46 Regions Visited 28 Branch Regions 21 Pre-discovered Areas 8 | . . . 1 . 1 . . . . 1 . . . . . . . 1 1 . . . . . 3 . . . Known Exits Taken 10 | . 1 . . . 1 . 1 1 . . 1 1 . . . 1 1 . . . . 1 . . . . 1 . Unknown Exits Taken 18 | 1 . 1 1 1 . 1 . . 1 1 . . 1 1 1 . . 1 1 1 1 . 1 1 1 1 . . Scrap Searched 23 | . . 1 . . . . . 2 4 . 3 . . . . . . 3 . . 1 . 3 2 . 4 . . Spaces Dug 183 | . . . . . . . . . . . . 2 . . . 161 . . . . . 8 . 3 . . . 9 Terrain Destroyed 684 | . . . . . 36 . 2 5 48 . 28 4 58 6 4 211 12 18 . 13 58 30 16 12 . 26 11 86 Melee . | . . . . . . . . . . . . . . . . . . . . . . . . . . . . . Projectile 270 | . . . . . . . . . . . . 4 10 6 4 21 12 18 . 13 58 30 16 12 . 4 11 51 AOE 414 | . . . . . 36 . 2 5 48 . 28 . 48 . . 190 . . . . . . . . . 22 . 35 Terrain Rammed . | . . . . . . . . . . . . . . . . . . . . . . . . . . . . . Walls Destroyed . | . . . . . . . . . . . . . . . . . . . . . . . . . . . . . Machines Disabled . | . . . . . . . . . . . . . . . . . . . . . . . . . . . . . Actions | -11 -10 -10 -10 -9 -8 -8 -7 -7 -7 -7 -6 -6 -6 -6 -6 -6 -5 -5 -5 -5 -4 -4 -4 -4 -4 -3 -3 -3 --------- Run | Scr Mat Min Exi Min Mat Sto Fac Low Low Dat Pro Fac Ext Cet Arc Hub Fac Upp Upp War Pro Fac Upp Upp Zhi Pro Res Tes Total 10225 | . 401 403 438 103 369 408 236 512 435 95 329 313 780 258 97 393 195 445 316 518 266 309 383 398 202 572 321 730 Wait 362 | . 10 . . . 3 4 10 . . . . 6 12 6 31 35 21 15 . 12 26 21 5 8 . 23 50 64 Move 8460 | . 324 373 417 102 256 286 183 470 401 93 295 245 601 171 45 298 149 406 316 441 215 249 353 363 180 523 211 494 Hop 1 | . . . . . . . . . . . . . . . . . . . . . . . . . . . . 1 Pick Up 166 | . 6 5 15 . 11 9 6 1 7 . 6 9 15 22 1 . . 4 . 11 . 6 1 2 3 3 9 14 Fast Attach 86 | . 1 . 1 . 2 12 3 1 . . . 9 12 2 1 . . 2 . 7 1 3 4 . 6 . 1 18 Attach 100 | . 3 1 . . 9 5 2 3 7 . 6 3 6 8 1 3 9 2 . 7 . 1 3 1 1 . 7 12 Detach 15 | . . . . . 2 1 1 . 3 . 1 . . . 1 . 3 . . . . . 1 . . . . 2 Swap 83 | . . 6 . . 8 8 4 1 2 1 1 5 12 6 1 5 . . . 2 . 2 2 . 2 4 . 11 Drop 175 | . 5 2 4 . 13 19 9 1 1 1 5 12 27 22 . . 2 . . 16 . 4 4 . 7 4 4 13 Fire 648 | . 49 3 1 . 55 27 14 35 14 . 14 24 72 21 15 45 11 16 . 22 24 18 10 24 . 15 38 81 Melee 68 | . . 7 . . 9 20 2 . . . . . 7 . . . . . . . . . . . 3 . . 20 Ram . | . . . . . . . . . . . . . . . . . . . . . . . . . . . . . Kick . | . . . . . . . . . . . . . . . . . . . . . . . . . . . . . Crush 42 | . 3 6 . 1 1 13 2 . . . 1 . 1 . 1 7 . . . . . 5 . . . . 1 . Escape Stasis 12 | . . . . . . 4 . . . . . . 8 . . . . . . . . . . . . . . . Rewire 7 | . . . . . . . . . . . . . 7 . . . . . . . . . . . . . . . Trap . | . . . . . . . . . . . . . . . . . . . . . . . . . . . . . Miscellaneous . | . . . . . . . . . . . . . . . . . . . . . . . . . . . . . Route ------- -11/Scrapyard -10/Materials (discovered 3 exits: [*Mat] / *Min x2) -10/Mines (discovered 2 exits: [*Mat] / *Exi) -10/Exiles -9/Mines -8/Materials (discovered 2 exits: *Sto x2) -8/Storage -7/Factory (discovered 2 exits: *Low x2) -7/Lower Caves -7/Lower Caves -7/Data Miner -6/Proximity Caves -6/Factory (discovered 5 exits: Fac / Low x2 / *Ext x2) -6/Extension (discovered 2 exits: *Fac / [*Cet]) -6/Cetus (discovered 2 exits: *Fac / [*Arc]) -6/Archives (discovered 2 exits: *Hub x2) -6/Hub_04(d) (discovered 3 exits: *Fac x3) -5/Factory (discovered 2 exits: *Upp x2) -5/Upper Caves -5/Upper Caves -5/Warlord -4/Proximity Caves -4/Factory (discovered 3 exits: *Upp x2 / Arm) -4/Upper Caves -4/Upper Caves -4/Zhirov -3/Proximity Caves -3/Research (discovered 3 exits: Res / *Tes x2) -3/Testing History --------- Turn | Location | Event 1 | -11/Scrapyard | Discovered new exit (range 0) 1 | -11/Scrapyard | Entered Materials 42 | -10/Materials | Identified exit to Mines 249 | -10/Materials | Discovered new exit (range 14) 306 | -10/Materials | Build established: Mutant 683 | -10/Materials | Entered Mines 747 | -10/Mines | Deemed a non-threat by the Exiles lab entrance 747 | -10/Mines | Discovered new exit (range 5) 900 | -10/Mines | YI-UF0 nonchalantly dropped a Grenade Launcher on the ground 932 | -10/Mines | Discovered new exit (range 5) 1063 | -10/Mines | Destroyed YI-UF0 1067 | -10/Mines | Found Prototype Storage 1070 | -10/Mines | Found Prototype Launcher 1112 | -10/Mines | Identified YI-UF0's Bottomless Matter Pit 1381 | -10/Mines | Entered Exiles 1426 | -10/Exiles | Met 8R-AWN 1461 | -10/Exiles | Met EX-HEX 1570 | -10/Exiles | Met EX-DEC 1601 | -10/Exiles | Learned location of Zion (-6) 1914 | -10/Exiles | Met EX-BIN 1942 | -10/Exiles | Aligned with FarCom system 1944 | -10/Exiles | Given EX-Vault access code 1986 | -10/Exiles | Build established: Hauler-Mutant 1990 | -10/Exiles | Opened EX-Vault 2006 | -10/Exiles | Found AWS/Gauss 2053 | -10/Exiles | Warned to stay clear of 0b10 Research branches 2072 | -10/Exiles | Exiles lab attacked by MAIN.C 2173 | -10/Exiles | Discovered new exit (range 14) 2196 | -10/Exiles | Attacked by the Exiles 2200 | -10/Exiles | Entered Mines 2366 | -9/Mines | Discovered new exit (range 6) 2406 | -9/Mines | Entered Materials 2406 | -8/Materials | Evolved 4 slots: Propulsion x1, Utility x3 2734 | -8/Materials | Identified exit to Storage 3031 | -8/Materials | Identified YI-UF0's Doublenader 3072 | -8/Materials | Destroyed 11 combat bots 3087 | -8/Materials | Entered Storage 3502 | -8/Storage | Met 01-MTF 3664 | -8/Storage | Discovered new exit (range 8) 3768 | -8/Storage | Destroyed 01-MTF 3785 | -8/Storage | Found Prototype Device 3785 | -8/Storage | Identified 01-MTF's Autohacker 3822 | -8/Storage | Entered Factory 3822 | -7/Factory | Evolved 2 slots: Utility x1, Weapon x1 3968 | -7/Factory | Identified exit to Lower Caves 4238 | -7/Factory | Build established: Hauler-Tank 4264 | -7/Factory | Entered Lower Caves 4375 | -7/Lower Caves | Learned 4 Factory zone layouts 4893 | -7/Lower Caves | Identified exit to Lower Caves 5362 | -7/Lower Caves | Entered another Lower Caves area 6046 | -7/Lower Caves | Discovered new exit (range 11) 6047 | -7/Lower Caves | Encountered a Warlord checkpoint 6094 | -7/Lower Caves | Learned 4 Factory zone layouts 6273 | -7/Lower Caves | Entered Data Miner 6273 | -7/Data Miner | Discovered new exit (range 6) 6311 | -7/Data Miner | Met Data Miner 6367 | -7/Data Miner | Learned location of Section 7 (-2) 6367 | -7/Data Miner | Acquired the access code to Warlord's prototype stash 6385 | -7/Data Miner | Received God Mode back door access code from Data Miner 6386 | -7/Data Miner | Build established: Hauler-Mutant 6461 | -7/Data Miner | Entered Proximity Caves 6650 | -6/Proximity Caves | Identified exit to Factory 6752 | -6/Proximity Caves | Build established: Scavenger-Mutant 6817 | -6/Proximity Caves | Escorted by Enhanced Grunt 6844 | -6/Proximity Caves | Attracted the attention of an 0b10 checkpoint 6852 | -6/Proximity Caves | Spotted B-75 Beast 6873 | -6/Proximity Caves | Destroyed B-75 Beast 6904 | -6/Proximity Caves | Lost 3 parts (1n1u1w) 6919 | -6/Proximity Caves | Learned Factory terminal intel 6988 | -6/Proximity Caves | Received a Behemoth hack from an annoying Tinkerer 7063 | -6/Proximity Caves | Attracted the attention of an 0b10 outpost 7070 | -6/Proximity Caves | Entered Factory 7070 | -6/Factory | Accompanied by 1 ally 7070 | -6/Factory | Evolved 2 slots: Power x1, Utility x1 7071 | -6/Factory | Identified exit to Factory 7072 | -6/Factory | Loaded intel: 22 terminal locations 7086 | -6/Factory | Identified exit to Lower Caves 7086 | -6/Factory | Identified exit to Extension 7160 | -6/Factory | Build established: Hauler-Mutant 7324 | -6/Factory | Found Prototype Device 7324 | -6/Factory | Identified Exp. Thermal Shield 7632 | -6/Factory | Entered Extension 7951 | -6/Extension | Rescued a captive Derelict 7952 | -6/Extension | Rescued a captive Derelict 8052 | -6/Extension | Rescued a captive Derelict 8054 | -6/Extension | Rescued a captive Derelict 8114 | -6/Extension | Rescued A7 8532 | -6/Extension | Disrupted transfer network 8577 | -6/Extension | Spotted B-75 Beast 8591 | -6/Extension | Allies destroyed B-75 Beast 8610 | -6/Extension | Spotted B-75 Beast 8621 | -6/Extension | Build established: Scavenger-Tank 8635 | -6/Extension | Destroyed B-75 Beast 8720 | -6/Extension | Extracted ID and sensor layout for unrecognized location from A7's data core 9006 | -6/Extension | Discovered new exit (range 16) 9007 | -6/Extension | Discovered exit to Factory (range 15) 9037 | -6/Extension | Entered Cetus 9065 | -6/Cetus | Spotted Cetus Guard 9065 | -6/Cetus | Spotted Cetus Guard 9071 | -6/Cetus | Spotted Cetus Guard 9078 | -6/Cetus | Spotted Cetus Guard 9080 | -6/Cetus | Destroyed Cetus Guard 9080 | -6/Cetus | Destroyed Cetus Guard 9081 | -6/Cetus | Destroyed Cetus Guard 9083 | -6/Cetus | Destroyed Cetus Guard 9206 | -6/Cetus | Discovered new exit (range 15) 9240 | -6/Cetus | Spotted Cetus Guard 9240 | -6/Cetus | Spotted Cetus Guard 9247 | -6/Cetus | Destroyed Cetus Guard 9247 | -6/Cetus | Spotted Cetus Guard 9248 | -6/Cetus | Destroyed Cetus Guard 9249 | -6/Cetus | Destroyed Cetus Guard 9251 | -6/Cetus | Destroyed Cetus Guard 9290 | -6/Cetus | Discovered exit to Factory (range 15) 9299 | -6/Cetus | Met Revision 17 9302 | -6/Cetus | Destroyed Revision 17 9457 | -6/Cetus | Entered Archives 9582 | -6/Archives | Discovered new exit (range 16) 9607 | -6/Archives | Discovered new exit (range 13) 9630 | -6/Archives | Entered Hub_04(d) 9942 | -6/Hub_04(d) | Discovered exit to Factory (range 13) 10162 | -6/Hub_04(d) | Discovered exit to Factory (range 11) 10251 | -6/Hub_04(d) | Build established: Hauler-Mutant 10347 | -6/Hub_04(d) | Discovered exit to Factory (range 10) 10379 | -6/Hub_04(d) | Lost 3 parts (1n1u1w) 10388 | -6/Hub_04(d) | Destroyed 9 combat bots 10393 | -6/Hub_04(d) | Network Hub disabled 10396 | -6/Hub_04(d) | Entered Factory 10396 | -5/Factory | Evolved 2 slots: Utility x2 10466 | -5/Factory | Identified exit to Upper Caves 10755 | -5/Factory | Entered Upper Caves 10841 | -5/Upper Caves | Attracted the attention of an 0b10 checkpoint 10882 | -5/Upper Caves | Build established: Scavenger-Tank 11029 | -5/Upper Caves | System corruption reached 10% 11041 | -5/Upper Caves | Lost 3 parts (2u1w) 11297 | -5/Upper Caves | Build established: Scavenger-Mutant 11414 | -5/Upper Caves | Learned location of 1 exit from Research 11414 | -5/Upper Caves | Learned Research security intel 11414 | -5/Upper Caves | Learned Extension garrison access intel 11506 | -5/Upper Caves | Discovered new exit (range 5) 11562 | -5/Upper Caves | Entered another Upper Caves area 12120 | -5/Upper Caves | Discovered new exit (range 7) 12131 | -5/Upper Caves | Entered Warlord 12198 | -5/Warlord | System corruption cleaned by Quarantine Array 12450 | -5/Warlord | Met Warlord 12466 | -5/Warlord | Opened Warlord's prototype stash 12475 | -5/Warlord | Warlord's base attacked by MAIN.C 12482 | -5/Warlord | Found Prototype Hackware 12504 | -5/Warlord | Found Prototype Reactor 12508 | -5/Warlord | Found Exp. Targeting Computer 12519 | -5/Warlord | Found Prototype Processor 12528 | -5/Warlord | Found Prototype Device 12529 | -5/Warlord | Identified Exp. Focal Shield 12673 | -5/Warlord | Found Prototype Energy Cannon 12677 | -5/Warlord | Found Prototype Energy Cannon 12825 | -5/Warlord | Warlord forces counterattacked 12875 | -5/Warlord | Spotted Striker 12882 | -5/Warlord | Lost 3 parts (1n2u) 12884 | -5/Warlord | Destroyed Striker 12922 | -5/Warlord | Spotted Striker 12927 | -5/Warlord | Identified Exp. Armor Integrity Analyzer 12939 | -5/Warlord | Spotted Striker 12940 | -5/Warlord | Spotted Executioner 12946 | -5/Warlord | Spotted Striker 13010 | -5/Warlord | Destroyed Executioner 13016 | -5/Warlord | Found Prototype Device 13016 | -5/Warlord | Identified Adv. Kinecellerator 13022 | -5/Warlord | Found Prototype Processor 13022 | -5/Warlord | Identified Exp. Core Analyzer 13028 | -5/Warlord | Discovered new exit (range 14) 13048 | -5/Warlord | Entered Proximity Caves 13257 | -4/Proximity Caves | Spotted B-86 Titan 13269 | -4/Proximity Caves | Destroyed B-86 Titan 13304 | -4/Proximity Caves | Build established: Scavenger-Gunner 13523 | -4/Proximity Caves | Discovered new exit (range 13) 13551 | -4/Proximity Caves | Entered Factory 13551 | -4/Factory | Evolved 2 slots: Propulsion x1, Utility x1 13602 | -4/Factory | Identified exit to Upper Caves 13602 | -4/Factory | Identified exit to Armory 13777 | -4/Factory | Central database locked down 14053 | -4/Factory | Entered Upper Caves 14154 | -4/Upper Caves | Learned location of 1 exit from Research 14435 | -4/Upper Caves | Spotted B-86 Titan 14440 | -4/Upper Caves | Destroyed B-86 Titan 14621 | -4/Upper Caves | Discovered new exit (range 15) 14667 | -4/Upper Caves | Entered another Upper Caves area 15129 | -4/Upper Caves | Learned Research trap positions 15309 | -4/Upper Caves | Discovered new exit (range 10) 15329 | -4/Upper Caves | Entered Zhirov 15329 | -4/Zhirov | Discovered new exit (range 3) 15358 | -4/Zhirov | Met Zhirov 15359 | -4/Zhirov | Build established: Scavenger-Mutant 15393 | -4/Zhirov | Learned location of Testing (-3) 15393 | -4/Zhirov | Learned location of Command (-1) 15414 | -4/Zhirov | Zhirov requested help retrieving the SGEMP Prototype 15509 | -4/Zhirov | Found Alien Artifact 15509 | -4/Zhirov | Identified Integrated Dissipator 15509 | -4/Zhirov | Installed Integrated Dissipator, increased core heat dissipation (+20) 15531 | -4/Zhirov | Found Alien Artifact 15644 | -4/Zhirov | Entered Proximity Caves 16073 | -3/Proximity Caves | Build established: Hauler-Gunner 16509 | -3/Proximity Caves | Discovered new exit (range 13) 16557 | -3/Proximity Caves | Entered Research 16557 | -3/Research | Evolved 2 slots: Utility x2 16558 | -3/Research | Identified exit to Testing 16558 | -3/Research | Identified exit to Research 16559 | -3/Research | Loaded intel: 84 trap records 16589 | -3/Research | Identified System Mapper 16590 | -3/Research | Central database locked down 16711 | -3/Research | Fabricated Gamma Bomb Array (x1) 16740 | -3/Research | Fabricated Humpback (x1) 16864 | -3/Research | Local fabrication network quarantined 16939 | -3/Research | Lost 4 parts (2u2w) 17085 | -3/Research | Entered Testing 17329 | -3/Testing | Garrison activated, responded to threat 17335 | -3/Testing | First assault squad dispatched 17513 | -3/Testing | Repaired Adv. Kinecellerator? 17530 | -3/Testing | Incoming investigation squad redirected 17659 | -3/Testing | Identified Vortex Driver (x2) 17743 | -3/Testing | Spotted Striker 17749 | -3/Testing | Spotted Striker 17784 | -3/Testing | System corruption reached 10% 17835 | -3/Testing | Spotted Alpha 7 17850 | -3/Testing | Destroyed Striker 17856 | -3/Testing | Destroyed Striker 17886 | -3/Testing | System corruption reached 30% 17910 | -3/Testing | Stole the SGEMP Prototype 17920 | -3/Testing | Identified Transdimensional Reconstructor 17920 | -3/Testing | Warped through subspace 17921 | -3/Testing | Core integrity fell below 50% 17928 | -3/Testing | Lost 16 parts (2p4n4u6w) 17950 | -3/Testing | Scanned by Researcher 17956 | -3/Testing | Identified Vortex Chain Reactor 17961 | -3/Testing | Garrison activated, responded to threat 18015 | -3/Testing | Destroyed 8 combat bots 18028 | -3/Testing | Spotted PP-UJPUNSZ60U 18066 | -3/Testing | Core integrity fell below 20% 18076 | -3/Testing | Destroyed by PP-UJPUNSZ60U with Heavy Tesla Rifle Last Messages --------------- 18045_ Impulse Thruster Array destroyed. 18046_ System corrupted: Plasma Lance targeting data glitched. 18051_ Plasma Lance follow-up attack on PP-UJPUNSZ60U. 18054_ System corrupted: Plasma Lance targeting data glitched. 18054_ Critical hit. 18054_ Vortex Chain Reactor destroyed. 18057_ System corrupted: Plasma Lance targeting data glitched. 18057_ Plasma Lance follow-up attack on PP-UJPUNSZ60U. 18059_ Exp. Armor Integrity Analyzer destroyed. 18063_ Med. Treads destroyed. 18064_ PP-UJPUNSZ60U suffers critical hit. 18064_ Destroyed Prototype Hover Unit. 18065_ System corrupted: Matter fused (-7). 18067_ System corrupted: Plasma Lance targeting data glitched. 18067_ Plasma Lance follow-up attack on PP-UJPUNSZ60U. 18070_ System corrupted: Plasma Lance targeting data glitched. 18072_ Exp. Targeting Computer destroyed. 18075_ System corrupted: Plasma Lance targeting data glitched. 18075_ PP-UJPUNSZ60U suffers critical hit. 18075_ Destroyed Imp. Energy Mantle. Map ----- +----------------------------------------------------+ | ?????????????????????????????????????????????????? | | ?????????????????????????????????????????????????? | | ?????????????????????????????????????????????????? | | ?????????????????????????????????????????????????? | | ?????????????????????????????????????????????????? | | ?????????????????????????????????????????????????? | | ?????????????????????????????????????????????????? | | ?????????????????????????????????????????????????? | | ???????????????? ????????????????????????????????? | | ???????????????? ????????????????????????????????? | | ???????????????? ????????????????????????????????? | | ???????????????# ????????????????????????????????? | | ???????????????# ????????????????????????????????? | | ???????????????# ????????????????????????????????? | | ???????????????# ????????????????????????????????? | | ???????????????# #??#############????????????????? | | ???????????????# #### #????????????????? | | ???????????????# + ?????????????????? | | ???????????????# # ?????????????????? | | ???????????????# # " " ??????????????????? | | ################ # """ " ??????????????????? | | + # # """""??????????????????? | | ! # # += """" ?????????????????? | | !=! # / #% """"" #????????????????? | | =%= + # #= """ #????????????????? | | ####### # # @p""" #????????????????? | | ??????# ! # # """ #????????????????? | | ??????# # # " #????????????????? | | ??????# # # #????????????????? | | ??????# # #############????????????????? | | ??????########## #????????????????????????????? | | ???????????????# #????????????????????????????? | | ???????????????# #????????????????????????????? | | ???????????????# #????????????????????????????? | | ???????????????# #????????????????????????????? | | ???????????????# #????????????????????????????? | | ???????????????# #????????????????????????????? | | ???????????????+ #????????????????????????????? | | ???????????????? ?????????????????????????????? | | ?????????????????????????????????????????????????? | | ?????????????????????????????????????????????????? | | ?????????????????????????????????????????????????? | | ?????????????????????????????????????????????????? | | ?????????????????????????????????????????????????? | | ?????????????????????????????????????????????????? | | ?????????????????????????????????????????????????? | | ?????????????????????????????????????????????????? | | ?????????????????????????????????????????????????? | | ?????????????????????????????????????????????????? | | ?????????????????????????????????????????????????? | +----------------------------------------------------+ Best States ------------- Heat Dissipation 97 Coolant Potential 120 Energy Generation 55 Energy Capacity 700 Matter Stores 300 Matter Capacity 300 Sight Range 16 Robot Scan Range 16 Terrain Scan Density 10 Armor Coverage 1200 Resistance: KI 30 Resistance: TH 30 Core Shielding 20 Weapon Shielding 66 Evasion (%) 62 Targeting Accuracy 12 Target Analysis 8 Core Analysis 15 Armor Integrity Analysis 90 Recoil Reduction 4 Particle Charging 25 Kinecelleration 50 Salvage Targeting 4 Offensive Hacking 48 Defensive Hacking 14 Item Schematics ----------------- Humpback | -8/Materials | Scanalyzed Combat Drone Bay | -7/Data Miner | Free Lgt. Regenerative Plating | -7/Data Miner | Free Exp. Flexi-carbon Leg | -7/Data Miner | Free Exp. Sensor Array | -7/Data Miner | Free Exp. Terrain Scan Processor | -7/Data Miner | Free Exp. Targeting Computer | -7/Data Miner | Free Exp. ECM Suite | -7/Data Miner | Free Cloaking Device | -7/Data Miner | Free Kinetic Spear | -7/Data Miner | Free Assault Drone Bay | -4/Zhirov | Free Exp. Heat Sink | -4/Zhirov | Free Exp. Optical Array | -4/Zhirov | Free Imp. Arc Thrower | -4/Zhirov | Free Robot Schematics ------------------ I-36 Angel | -7/Data Miner | Free P-70 Sage | -7/Data Miner | Free G-50 Soldier | -7/Data Miner | Free H-66 Slayer | -7/Data Miner | Free S-27 Virus | -7/Data Miner | Free I-47 Archangel | -7/Data Miner | Free Fabricated ------------ Gamma Bomb Array | x1 | -3/Research | Preloaded Humpback | x1 | -3/Research Alien Tech Used ----------------- Integrated Dissipator Transdimensional Reconstructor Achievements -------------- None Challenges ------------ None Game ------ Seed ReclamationCloakingRailgun Manual? 0 Play Time 02:09:30 Cumulative 311.0 hours Start 2021.02.15 @ 19:28:25 End 2021.02.15 @ 22:14:15 Sessions 1 Manual Loads 0 Difficulty Rogue Special Mode None Game No. 256 Rogue 249 Adventurer 0 Explorer 7 Win Type - Total 10 Types 3/1/6/0/0/0/0/0/0 Lore% 75 Gallery% 92 Achievement% 73 Wizard Run 0 Options --------- ASCII 0 Keyboard 0 Movement Numpad Keybinds 0 Fullscreen 1 Font 18/X11Bold Map View 76x50 Tactical HUD 1 Map Filters NONE Filters NONE Steam 1 RUN: 4ef1e4eb-578a-4730-a68c-077992bd527c